 Dungeon Crawl Stone Soup version 0.30-a0-393-g54b8e3be05 (webtiles) character file.

Game seed: 15995600708351253992

326 zishaf the Sneak (level 6, -2/32 HPs)
             Began as a Vine Stalker Brigand on Dec 5, 2022.
             Slain by a wyvern zombie (7 damage)
             ... on level 6 of the Dungeon.
             The game lasted 00:03:45 (1821 turns).

zishaf the Sneak (Vine Stalker Brigand)             Turns: 1821, Time: 00:03:45

Health: -2/32      AC:  6    Str: 13    XL:     6   Next: 49%
Magic:  0/7        EV: 10    Int: 11    God:
Gold:   112        SH:  0    Dex: 18    Spells: 5/5 levels left

rFire   . . .      SeeInvis .    a - +2 dagger
rCold   . . .      Faith    .    (no shield)
rNeg    . . .      Spirit   +    n - +0 ring mail
rPois   .          Reflect  .    (no helmet)
rElec   .          Harm     .    c - +0 cloak
rCorr   .          Rampage  .    (no gloves)
Will    .....                    (no boots)
Stlth   +++.......               (no amulet)
HPRegen 1.05/turn                (no ring)
MPRegen 0.10/turn                (no ring)

@: no status effects
A: fangs 2, regeneration 1, magic shield, antimagic bite, no potion heal 2
a: no special abilities


You were on level 6 of the Dungeon.
You visited 1 branch of the dungeon, and saw 4 of its levels.

You collected 112 gold pieces.

Inventory:

Hand Weapons
 a - a +2 dagger (weapon)
 e - a +1 dagger of draining
Missiles
 d - 8 poisoned darts
 m - 4 boomerangs (quivered)
 u - 2 curare-tipped darts
Armour
 b - a +0 robe
 c - a +0 cloak (worn)
 k - a +0 leather armour
 n - a +0 ring mail (worn)
Scrolls
 i - a scroll of magic mapping {unknown}
 l - 2 scrolls of teleportation {unknown}
 q - 2 scrolls of immolation
Potions
 g - a potion of berserk rage
 h - a potion of might
 j - a potion of curing {unknown}
 o - 2 potions of resistance
 p - 2 potions of flight
 s - a potion of mutation {unknown}
 t - a potion of degeneration {unknown}


   Skills:
 + Level 3.3 Fighting
 + Level 3.3 Short Blades
 + Level 3.3 Throwing
 - Level 1.0 Dodging
 + Level 6.3 Stealth


You had 5 spell levels left.
You didn't know any spells.
Your spell library was empty.

Dungeon Overview and Level Annotations

Branches:
Dungeon (6/15)
 Temple: D:4-7

Altars:
Kikubaaqudgha


Innate Abilities, Weirdness & Mutations

You have extremely sharp teeth.
Your natural rate of healing is unusually fast.
When hurt, damage is shared between your health and your magic reserves.
Your bite disrupts and absorbs the magic of your enemies.
Potions cannot restore your health.


Message History

The wyvern zombie is severely damaged.
The wyvern zombie closely misses you.
You hit the wyvern zombie but do no damage.
The wyvern zombie is severely damaged.
The wyvern zombie barely misses you.
You hit the wyvern zombie but do no damage.
The wyvern zombie is severely damaged.
The wyvern zombie bites you.
You hit the wyvern zombie.
You bite the wyvern zombie, but do no damage.
The wyvern zombie is severely damaged.
The wyvern zombie bites you but does no damage.
You hit the wyvern zombie.
You bite the wyvern zombie, but do no damage.
The wyvern zombie is severely damaged.
The wyvern zombie bites you!
You barely miss the wyvern zombie.
You bite the wyvern zombie, but do no damage.
The wyvern zombie is severely damaged.
The wyvern zombie bites you!
* * * LOW HITPOINT WARNING * * *
You hit the wyvern zombie. You bite the wyvern zombie. You drain its power.
You feel invigorated.
The wyvern zombie is almost destroyed.
The wyvern zombie bites you but does no damage.
You barely miss the wyvern zombie.
The wyvern zombie is almost destroyed.
The wyvern zombie barely misses you. x2
You hit the wyvern zombie but do no damage.
You bite the wyvern zombie, but do no damage.
The wyvern zombie is almost destroyed.
The wyvern zombie bites you but does no damage.
You hit the wyvern zombie.
The wyvern zombie is almost destroyed.
The wyvern zombie bites you!
* * * LOW HITPOINT WARNING * * *
You hit the wyvern zombie.
The wyvern zombie is almost destroyed.
The wyvern zombie bites you!
You die...

#.....#
#.....#
#.....#
#.....#
#.....#
#.....#
#.....#
###Z### #@#
#.# #.###
#...# ##..#
##.# #.# #.#
##########.#


You could see a wyvern zombie.

Vanquished Creatures
  Sigmund (D:2)
  A bullfrog zombie (D:6)
  2 orc priests (D:3)
  2 adders (D:2)
  2 dart slugs
  9 orcs
  A ball python (D:1)
  5 bats
  2 endoplasms
  2 giant cockroaches
  8 goblins
  3 hobgoblins
  3 quokkas
  3 frilled lizards
  A kobold (D:2)
  3 rats (D:1)
48 creatures vanquished.

Vanquished Creatures (others)
  A fungus (D:3)
1 creature vanquished.

Grand Total: 49 creatures vanquished

Notes
Turn   | Place    | Note
-------+----------+-------------------------------------------
     0 | D:1      | zishaf the Vine Stalker Brigand began the quest for the
                  | Orb.
     0 | D:1      | Reached XP level 1. HP: 11/11 MP: 2/2
   220 | D:1      | Reached skill level 1 in Dodging
   220 | D:1      | Reached skill level 5 in Stealth
   220 | D:1      | Reached XP level 2. HP: 15/15 MP: 3/3
   895 | D:2      | Reached XP level 3. HP: 18/18 MP: 4/4
  1161 | D:2      | Noticed Sigmund
  1182 | D:2      | Killed Sigmund
  1183 | D:2      | Reached skill level 6 in Stealth
  1183 | D:2      | Gained mutation: Your natural rate of healing is unusually
                  | fast. [Vine Stalker growth]
  1183 | D:2      | Reached XP level 4. HP: 24/24 MP: 3/5
  1183 | D:2      | Reached XP level 5. HP: 28/28 MP: 3/6
  1355 | D:2      | Found an ancient bone altar of Kikubaaqudgha.
  1523 | D:2      | Reached XP level 6. HP: 27/29 MP: 5/7
  1717 | D:3      | You fall into a shaft and drop 3 floors!
  1821 | D:6      | Slain by a wyvern zombie

Illustrated notes

Levels and vault maps discovered:
D:1:      lightli_arrival_isolated_outpost, layout_loops_corners,
          minmay_misc_feat_nine_boxes
D:2:      layout_rooms, basic_altar, uniq_sigmund
D:3:      layout_loops_ring, shapermc_ecumenical_altar_rom_forum
D:6:      layout_loops_ring, lemuel_zombie_altar_yredelemnul,
          old_standard_altar, mainiacjoe_overflow_catwalk, portal_sewer_entry_e,
          pf_guarded_unrand_meek, uniq_pikel, uniq_crazy_yiuf_cottage

Skill      XL: |  1  2  3 |
---------------+----------+-----
Dodging        | 1 |  1.0
Stealth        | 5 6 |  6.3
Short Blades   | 2 3 |  3.3
Fighting       | 2 3 |  3.3
Throwing       | 2 3 |  3.3

Action                   |  1- 3 |  4- 6 || total
-------------------------+-------+-------++-------
Melee: Dagger            |    68 |    90 ||   158
       Bite              |    11 |    30 ||    41
Throw: Boomerang         |    10 |     4 ||    14
       Dart              |     7 |     3 ||    10
  Use: Scroll            |       |     6 ||     6
 Stab: Sleeping          |     9 |     2 ||    11
Armor: Robe              |     8 |       ||     8
       Leather armour    |     4 |       ||     4
       Ring mail         |     6 |    35 ||    41
Dodge: Dodged            |    41 |    38 ||    79

Table legend: (Time is in decaauts)
 A = Elapsed time spent in this place.
 B = Non-inter-level travel time spent in this place.
 C = Inter-level travel time spent in this place.
 D = Time resting spent in this place.
 E = Time spent auto-exploring this place.
 F = Levels seen in this place.
 G = Mean time per level.
                   A        B        C        D        E       F      G
               +--------+--------+--------+--------+--------+-----+--------+
         Total |   1812 |   1784 |     28 |     35 |   1276 |   4 |  453.0 |
       Dungeon |   1812 |   1784 |     28 |     35 |   1276 |   4 |  453.0 |
               +--------+--------+--------+--------+--------+-----+--------+

Top non-repeatable levels by time:
     D:1: 896 daAuts
     D:2: 633 daAuts
     D:3: 183 daAuts
     D:6: 98 daAuts
